 Dungeon Crawl Stone Soup version 0.24-a0-57-gac335f2 (webtiles) character file.

Game seed: 8781801425508219610

48 Amnesiac the Conjurer (level 3, 0/28 HPs)
             Began as a Tengu Conjurer on Feb 4, 2019.
             Was an Initiate of Dithmenos.
             Slain by a goblin (3 damage)
             ... led by Robin
             ... on level 4 of the Dungeon.
             The game lasted 00:02:13 (1117 turns).

Amnesiac the Conjurer (Tengu Conjurer)              Turns: 1117, Time: 00:02:13

Health: 0/28       AC: 21    Str:  8    XL:     3   Next: 72%
Magic:  1/8        EV:  2    Int: 21    God:    Dithmenos [......]
Gold:   47         SH:  0    Dex: 14    Spells: 7/8 levels left

rFire    . . .     SeeInvis .   (no weapon)
rCold    . . .     Gourm    .   (no shield)
rNeg     + + +     Faith    .   (armour currently unavailable)
rPois    +         Spirit   .   (helmet currently unavailable)
rElec    .         Reflect  .   (cloak currently unavailable)
rCorr    .         Harm     .   (gloves currently unavailable)
MR       .....     NoTele   +   (boots unavailable)
Stlth    ++........             (no amulet)
HPRegen  0.09/turn              (no ring)
MPRegen  0.11/turn              (no ring)

@: brilliant, tree-form, hasted, very quick
A: no striking features
a: Renounce Religion


You were on level 4 of the Dungeon.
You worshipped Dithmenos.
Dithmenos was noncommittal.
You were not hungry.
You were a tree.
You visited 2 branches of the dungeon, and saw 5 of its levels.

You collected 47 gold pieces.

Inventory:

Armour
 a - a +0 robe (melded)
Scrolls
 e - 2 scrolls of blinking {!r, unknown}
 f - 2 scrolls of identify {!r, unknown}
 g - 2 scrolls of teleportation {!r, unknown}
 j - a scroll of remove curse {!r, unknown}
Potions
 b - a potion of lignification {!q}
Comestibles
 c - 5 rations
 k - 3 chunks of flesh


   Skills:
 - Level 2.1 Dodging
 - Level 2.0 Stealth
 + Level 3.1 Spellcasting
 * Level 6.0 Conjurations


You had 7 spell levels left.
You knew the following spells:

 Your Spells              Type           Power        Failure   Level  Hunger
a - Magic Dart            Conj           ####         1%          1    None

Your spell library contained the following spells:

 Spells                   Type           Power        Failure   Level  Hunger
 Searing Ray              Conj           #####.       1%          2    ##.....
 Dazzling Spray           Conj/Hex       ####..       1%          3    ###....
 Iskenderun's Mystic Bla  Conj           #####...     1%          4    ####...
 Force Lance              Conj/Tloc      ####....     4%          4    ####...
 Fulminant Prism          Conj/Hex       ####......   4%          4    ####...


Dungeon Overview and Level Annotations

Branches:
Dungeon (4/15)             Temple (1/1) D:4

Altars:
Ashenzari
Cheibriados
Dithmenos
Elyvilon
Fedhas
Hepliaklqana
Kikubaaqudgha
Makhleb
Nemelex Xobeh
Okawaru
Ru
Sif Muna
Trog
Uskayaw
Vehumet
Wu Jian
Xom
Zin

Annotations:
D:2 exclusion: downstairs
D:3 Sigmund


Innate Abilities, Weirdness & Mutations

((You have a beak for a mouth.))
((You have claws for feet.))


Message History

The hobgoblin goes into a battle-frenzy!
Really quaff
b - 2 grey potions {!q}?
It was a potion of lignification {!q}.
You turn into a tree.
Your roots penetrate the ground.
The goblin hits you but does no damage.
Robin roars a battlecry!
The goblin goes into a battle-frenzy!
Really quaff
d - a coppery potion {!q}?
It was a potion of flight {!q}.
Your roots keep you in place.
The goblin hits you but does no damage. x2
Really quaff
h - a yellow potion {!q}?
It was a potion of haste {!q}.
You feel yourself speed up. The goblin hits you.
* * * LOW HITPOINT WARNING * * *
The goblin hits you but does no damage.
Really quaff
i - a pink potion {!q}?
It was a potion of brilliance {!q}.
You feel clever all of a sudden.
The goblin no longer looks unusually strong.
The goblin barely misses you.
The hobgoblin throws a stone.
The stone hits you but does no damage. The goblin hits you but does no damage.
Casting: Magic Dart (safe; 1% risk of failure)
Confirm with . or Enter, or press ? or * to list all spells.
Aiming: Magic Dart (safe; 1% risk of failure)
Press: ? - help, Shift-Dir - straight line, p - Robin The magic dart hits Robin!
You kill Robin!
Dithmenos accepts your kill.
Training target 3.0 for Spellcasting reached!
Your Spellcasting skill increases to level 3!
You need to enable at least one skill for training.
Wield which item (- for none, * to show all)? (? for menu, Esc to quit)
You are already empty-handed.
Unknown command.
You hit the goblin.
The goblin is severely wounded.
The goblin barely misses you. The goblin hits you but does no damage.
The hobgoblin throws a stone.
The stone hits you but does no damage.
The goblin hits you with a cursed -1 dagger.
* * * LOW HITPOINT WARNING * * *
You hit the goblin.
The goblin is severely wounded.
The goblin hits you but does no damage. x2
You hit the goblin.
You kill the goblin!
Dithmenos accepts your kill.
You barely miss the hobgoblin.
The goblin hits you but does no damage. x3
The hobgoblin hits you but does no damage.
You hit the hobgoblin but do no damage.
The goblin hits you but does no damage. x2
The goblin barely misses you.
You smack the hobgoblin!
You kill the hobgoblin!
Dithmenos accepts your kill. The goblin hits you but does no damage.
You hit the goblin.
You kill the goblin!
Dithmenos accepts your kill.
The goblin hits you but does no damage. x2
You barely miss the goblin.
The goblin is severely wounded.
The goblin hits you but does no damage. The goblin barely misses you.
You smack the goblin!
You kill the goblin!
Dithmenos accepts your kill.
You barely miss the goblin. The goblin hits you.
You die...

#................
#........##.?....
#..........g###.#
#...........# .#
#...#####...# #
#...# #...# #...#
#...#
##)).#####...#
#♣)..........#
#g)............#
#.............##
#.........##..#
#.........# .##
#.........# .#
#.........# .#
#........=#


You could see a goblin.

Vanquished Creatures
  Robin (D:4)
  A leopard gecko (D:1)
  A ball python (D:1)
  2 bats
  A giant cockroach (D:1)
  11 goblins
  7 hobgoblins
  3 kobolds (D:1)
  A quokka (D:2)
  3 frilled lizards
  3 rats
34 creatures vanquished.

Notes
Turn   | Place    | Note
-------+----------+-------------------------------------------
     0 | D:1      | Amnesiac the Tengu Conjurer began the quest for the Orb.
     0 | D:1      | Reached XP level 1. HP: 10/10 MP: 4/4
   139 | D:1      | Reached XP level 2. HP: 15/15 MP: 3/6
   153 | D:1      | Reached skill level 6 in Conjurations
   298 | D:3      | Noticed Sigmund
   316 | D:2      | Found a shadowy altar of Dithmenos.
   317 | D:2      | Found a shattered altar of Ashenzari.
   318 | D:2      | Found an ancient bone altar of Kikubaaqudgha.
   331 | D:2      | Became a worshipper of Dithmenos the Shadowed
   574 | D:1      | Reached XP level 3. HP: 19/19 MP: 3/7
   976 | D:2      | You fall through a shaft for 2 floors!
   976 | D:4      | Found a staircase to the Ecumenical Temple.
   984 | Temple   | Entered the Ecumenical Temple
  1059 | D:4      | Noticed Robin
  1107 | D:4      | Killed Robin
  1117 | D:4      | Slain by a goblin

Vault maps used:
D:1:      wheals_arrival_shading
D:2:      grunt_temple_overflow_open, minivault_27
D:3:      lemuel_coloured_pillars_altar, serial_glass, glass_columns_b,
          glass_columns_b, item_on_display_a, item_on_display_a, uniq_sigmund
D:4:      lemuel_crystal_altar, grunt_gozag_statues,
          minmay_temple_entry_statues_fountains, uniq_robin
Temple:   nicolae_temple_no_exploring_needed

Skill      XL: |  1  2  3 |
---------------+----------+-----
Conjurations   | 6 |  6.0
Spellcasting   | 3 |  3.1
Dodging        | |  2.1
Stealth        | |  2.0

Action                   || total
-------------------------++-------
Melee: Unarmed           ||    12
       Peck              ||     1
 Cast: Magic Dart        ||    62
  Use: Potion            ||     4
  Eat: Chunk             ||     1
Armor: Skin              ||    18
       Robe              ||     1
Dodge: Dodged            ||    13

Table legend:
 A = Non-vault XP
 B = Vault XP
 C = Vault XP percentage of total XP
 D = Non-vault monster count
 E = Vault monster count
 F = Vault count percentage of total count
                 A         B        C        D         E       F
            +---------+---------+-------+---------+---------+-------
      Total |      39 |      30 |  43.5 |      23 |      11 |  32.4
            +---------+---------+-------+---------+---------+-------
        D:1 |      24 |       0 |   0.0 |      14 |       0 |   0.0
        D:2 |      10 |       0 |   0.0 |       6 |       0 |   0.0
        D:3 |       5 |       0 |   0.0 |       3 |       0 |   0.0
        D:4 |       0 |      30 | 100.0 |       0 |      11 | 100.0
            +---------+---------+-------+---------+---------+-------
